Description

This is from uThermal's Terran School 25. He goes marine + 1 mine medivac drop into the main, before a tank push on the 3rd, and then transitioning into mech.

VOD

https://www.youtube.com/watch?v=BwsjZKhtwh4&t=172s

Replay - 2020-10-26 - (T)soul VS (T)uwuThermal

Build Order

Get SALT Encoding   

  12  0:00  SCV  
  13  0:12  SCV  
  14  0:16  Supply Depot  
  14  0:24  SCV  
  15  0:38  SCV  
  15  0:39  Barracks  
  16  0:43  Refinery  
  16  0:50  SCV  
  16  0:52  Refinery  
  17  1:02  SCV  
  18  1:14  SCV  
  19  1:26  Orbital Command, Reaper  
  19  1:28  Supply Depot  
  20  1:42  Factory  
  20  1:52  SCV  
  21  1:58  Reaper  
  22  2:04  SCV  
  23  2:17  SCV  
  24  2:25  Command Center  
  24  2:32  Hellion  
  24  2:34  Barracks Reactor  
  27  2:45  Starport  
  27  2:54  Supply Depot  
  28  3:01  Widow Mine  
  31  3:16  Marine x2  
  34  3:22  Factory Tech Lab, Medivac  
  36  3:33  Marine x2  
  39  3:37  Orbital Command  
  42  3:41  Cyclone  
  42  3:47  Refinery  
  43  3:51  Marine x2  
  45  3:57  Starport Tech Lab  
  45  4:00  Supply Depot  
  46  4:09  Marine x2  
  48  4:16  Raven  
  53  4:24  Supply Depot  
  54  4:28  Marine x2  
  57  4:32  Siege Tank  
  65  4:59  Raven  
  70  5:08  Command Center  
  70  5:12  Siege Tank  
  74  5:17  Refinery  
  78  5:42  Raven  
  84  5:54  Siege Tank  
  90  6:05  Engineering Bay  
  95  6:29  Siege Tank  
  95  6:32  Factory x2  
  99  6:38  Barracks Reactor  
  99  6:40  Viking x2  
  99  6:43  Refinery x2, Orbital Command  
  110  7:01  Siege Tank  
  110  7:10  Viking x2  
  115  7:20  Siege Tank  
  121  7:28  Hellion x2  
  125  7:33  Hellion  
  130  7:40  Viking x2  
  133  7:51  Hellion x2  
  129  8:00  Armory x2  
  129  8:01  Hellion x2  
  126  8:10  Viking  
  115  8:16  Hellion  
  115  8:17  Viking  
  108  8:22  Siege Tank x2  
  108  8:24  Hellion  
  104  8:40  Viking  
  106  8:47  Viking  
  107  8:49  Terran Vehicle Weapons Level 1  
  107  8:50  Terran Vehicle And Ship Armor Level 1  
  107  8:54  Siege Tank x2  
Spawning Tool Build Advisor. Get it on Overwolf

Go to:

Details

  • Created by: thdfrance1     
  • Published on: Oct 29, 2020
  • Modified on: Oct 29, 2020
  • Patch: 4.11.0
  • Difficulty: Medium
Show
View Real Time Build Order
Export as new Build Order

Comments (0)

There are no comments. Be the first!

Create an account to comment!